 Zot Defence DCSS version 0.15.2 (webtiles) character file.

1015 Omnicron the Chopper (level 8, -3/73 HPs)
             Began as a Minotaur Berserker on Mar 13, 2019.
             Was a Priest of Trog.
             Slain by Thye the two-headed ogre
             ... wielding a +0 giant spiked club
              (7 damage)
             ... in the Realm of Zot (Scenario I: Hall of Zot).
             The game lasted 00:07:47 (746 turns).

Omnicron the Chopper (Minotaur Berserker)            Turns: 746, Time: 00:07:49

HP  -3/73        AC  2     Str 24      XL: 8   Next:  1%
MP   3/3         EV 13     Int  4      God: Trog [***...]
Gold 0           SH  0     Dex 10      Spells:  0 memorised,  7 levels left

rFire  . . .     SeeInvis .     a - +0 hand axe
rCold  . . .     Clarity  .     b - +0 animal skin
rNeg   . . .     rCorr    .     (no shield)
rPois  .         rRot     .     (helmet restricted)
rElec  .         Spirit   .     (no cloak)
SustAb .         Warding  .     (no gloves)
rMut   .         Stasis   .     (no boots)
Gourm  .                        (no amulet)
MR     .....                    (no ring)
                                (no ring)

@: exhausted, slowed, very slow, not resistant to hostile enchantments, very
unstealthy
A: retaliatory headbutt, horns 2
a: Make oklob sapling, Make arrow trap, Make plant, Remove Curse, Make burning
bush, Make altar, Make grenades, Make oklob plant, Make net trap, Burn
Spellbooks, Berserk, Trog's Hand, Renounce Religion


You were in the Realm of Zot.
You worshipped Trog.
Trog was most pleased with you.
You were not hungry.

You visited 1 branch

Inventory:

Hand weapons
 a - a +0 hand axe (weapon)
Armour
 b - a +0 animal skin (worn)
Comestibles
 d - a bread ration
Scrolls
 i - a scroll of blinking
Potions
 c - 2 potions of curing
 f - a potion of haste
 g - 2 potions of magic
 h - a potion of berserk rage


   Skills:
 + Level 7.6 Fighting
 + Level 7.9 Axes
 + Level 3.3 Armour
 + Level 4.9 Dodging


You had 7 spell levels left.
You didn't know any spells.

Dungeon Overview and Level Annotations

Branches:
    Zot (1/1)

Altars:


Innate Abilities, Weirdness & Mutations

You reflexively headbutt those who attack you in melee.
You have a pair of horns on your head.


Message History

You hit the ooze.
You kill the ooze!
Trog accepts your kill.
You hit the giant mite.
The giant mite is severely wounded.
You feel sick. The giant mite misses you.
You hit the giant mite.
You kill the giant mite!
Trog accepts your kill.
You feel sick.
An ooze comes into view.
Thye the two-headed ogre comes into view.
It is wielding a giant spiked club and a giant club.
You feel sick.
You are no longer poisoned.
You slash the ooze! You headbutt the ooze.
The ooze is severely wounded.
The ooze hits you.
* * * LOW HITPOINT WARNING * * *
Thye hits you with a giant spiked club!
You die...

▓▓▓▓▓▓▓▓ ▓▓▓▓▓▓▓▓ ....▓▓▓▓
▓▓▓▓.... .......▓▓▓ ▓▓▓.......
.........▓▓ ▓▓.........
..........▓ ▓▓▓▓▓▓▓▓▓ ▓..........
..........▓▓▓.......▓▓▓..........
..........▓▓.........▓▓..........
..........▓....).)....▓..........
.............(()@J...............
..........▓..(.%%O....▓..........
..........▓▓.........▓▓..........
..........▓▓▓.......▓▓▓..........
..........# ▓▓▓▓▓▓▓▓▓ #..........
.........## ##.........
.......### ###....... ....####
####.... ######### #########


You could see Thye the two-headed ogre and an ooze.

Vanquished Creatures
  A deep elf mage (Zot)
  A black bear (Zot)
  An orange rat (Zot)
  2 orc wizards (Zot)
  2 giant mites (Zot)
  2 worms (Zot)
  8 oozes (Zot)
  3 orcs (Zot)
  9 bats (Zot)
  2 giant cockroaches (Zot)
  12 goblins (Zot)
  8 hobgoblins (Zot)
  8 kobolds (Zot)
  A ball python (Zot)
  4 giant newts (Zot)
  12 rats (Zot)
76 creatures vanquished.

Notes
Turn   | Place    | Note
--------------------------------------------------------------
     0 | Zot      | Omnicron, the Minotaur Berserker, began the quest for the Orb.
     0 | Zot      | Reached XP level 1. HP: 19/19 MP: 1/1
   230 | Zot      | Reached XP level 2. HP: 27/27 MP: 1/1
   234 | Zot      | Reached skill level 4 in Fighting
   246 | Zot      | Noticed Afeaxave
   258 | Zot      | Killed Afeaxave the black bear
   258 | Zot      | Reached skill level 5 in Fighting
   258 | Zot      | Reached skill level 5 in Axes
   258 | Zot      | Reached XP level 3. HP: 34/37 MP: 2/2
   258 | Zot      | Reached XP level 4. HP: 40/44 MP: 2/2
   258 | Zot      | Reached XP level 5. HP: 45/50 MP: 2/2
   321 | Zot      | Reached XP level 6. HP: 44/57 MP: 3/3
   342 | Zot      | Noticed Diam
   348 | Zot      | Acquired Trog's second power
   354 | Zot      | Killed Diam the deep elf mage
   354 | Zot      | Reached skill level 7 in Fighting
   354 | Zot      | Reached XP level 7. HP: 31/66 MP: 3/3
   644 | Zot      | HP: 2/66 [orc wizard/runed dagger (5)]
   723 | Zot      | Reached XP level 8. HP: 7/73 MP: 3/3
   742 | Zot      | Noticed Thye
   746 | Zot      | Slain by Thye the two-headed ogre

Action                   |  1- 3 |  4- 6 |  7- 9 || total
-------------------------+-------+-------+-------++-------
Melee: Hand axe          |    15 |    25 |   110 ||   150
Invok: Berserk           |     1 |       |     2 ||     3
  Use: Potion            |     1 |       |     1 ||     2
